 Dungeon Crawl Stone Soup version 0.20.1-1-g8b1a95d (webtiles) character file.

194268 dohliylev the Imperceptible (level 17, -2/128 HPs)
             Began as a Vampire Enchanter on Dec 27, 2017.
             Was a High Priest of Makhleb.
             Slain by a tentacle (10 damage)
             ... attached to a kraken
             ... on level 1 of the Shoals on Dec 28, 2017.
             The game lasted 04:11:57 (37016 turns).

dohliylev the Imperceptible (Vampire Enchanter)    Turns: 37016, Time: 04:11:58

Health: -2/128     AC: 23    Str:  9    XL:     17   Next: 67%
Magic:  25/27      EV: 22    Int: 23    God:    Makhleb [*****.]
Gold:   1390       SH:  6    Dex: 16    Spells: 2/30 levels left

rFire    . . .     SeeInvis +   a - +4 dagger (elec)
rCold    . . .     Gourm    .   P - +1 buckler {AC+3}
rNeg     + . .     Faith    +   v - +3 troll leather armour
rPois    .         Spirit   .   f - +2 helmet
rElec    .         Reflect  .   (no cloak)
rCorr    .         Harm     .   O - +2 pair of gloves
MR       +++..                  y - +4 pair of boots "Xaust" {Str+2}
Stlth    +++++++++.             C - amulet of faith
Regen    0.8/turn               l - ring of protection from magic
MPRegen  0.2/turn               U - ring of Lepsoula {Dex+2 Slay+3 SInv Stlth+}

@: no status effects
A: fangs 3, molten scales 1, see invisible, clumsy 1, magic resistance 1,
unbreathing
}: 1/15 runes: gossamer
a: Bat Form, Minor Destruction, Lesser Servant of Makhleb, Major Destruction,
Greater Servant of Makhleb, Renounce Religion


You were on level 1 of the Shoals.
You worshipped Makhleb.
Makhleb was extremely pleased with you.
You were not thirsty.

You visited 6 branches of the dungeon, and saw 29 of its levels.
You also visited: Labyrinth, Ice Cave and Volcano.

You collected 2482 gold pieces.
You spent 1092 gold pieces at shops.

Inventory:

Hand Weapons
 a - a +4 dagger of electrocution (weapon)
Armour
 f - a +2 helmet (worn)
 v - a +3 troll leather armour (worn)
 y - the +4 pair of boots "Xaust" (worn) {Str+2}
   (You bought it in a shop on level 2 of the Orcish Mines)

   It affects your strength (+2).
 O - a +2 pair of gloves (worn)
 P - a +1 buckler of protection (worn)
Jewellery
 l - a ring of protection from magic (left hand)
 r - an uncursed ring of positive energy
 x - an uncursed ring of fire
 z - an uncursed ring of protection from fire
 A - an uncursed ring of magical power
 C - an amulet of faith (around neck)
 G - an uncursed amulet of magic regeneration
 U - the ring of Lepsoula (right hand) {Dex+2 Slay+3 SInv Stlth+}
   (You bought it in a shop on level 13 of the Dungeon)

   [ring of stealth]

   It affects your dexterity (+2).
   It affects your accuracy and damage with ranged weapons and melee attacks
   (+3).
   It lets you see invisible.
   It makes you more stealthy.
Wands
 e - a wand of clouds (5/9)
 g - a wand of enslavement (7/24)
 m - a wand of polymorph (0/24)
 n - a wand of polymorph (14/24)
 w - a wand of enslavement (14/24)
 B - a wand of clouds (2/9)
 L - a wand of random effects (27/48)
 W - a wand of polymorph (4/24)
 X - a wand of digging (17/24)
Scrolls
 b - 2 scrolls of magic mapping
 d - a scroll of enchant armour
 h - 6 scrolls of fog
 o - 2 scrolls of summoning
 F - 6 scrolls of recharging
 H - 4 scrolls of remove curse
 N - 3 scrolls of fear
 Q - a scroll of brand weapon
 R - a scroll of blinking
 Z - 3 scrolls of identify
Potions
 c - 2 potions of berserk rage
 i - 4 potions of brilliance
 k - 5 potions of agility
 p - 3 potions of magic
 t - 5 potions of might
 D - 2 potions of resistance
 M - 5 potions of ambrosia
 S - 2 potions of invisibility
 V - a potion of cancellation
Books
 q - a book of Conjurations

   Spells                             Type                      Level
   a - Magic Dart                     Conjuration                  1
   b - Searing Ray                    Conjuration                  2
   c - Dazzling Spray                 Conjuration/Hexes            3
   d - Fulminant Prism                Conjuration/Hexes            4
   e - Force Lance                    Conjuration/Translocation    4
   f - Iskenderun's Mystic Blast      Conjuration                  4
Miscellaneous
 E - 2 phantom mirrors
 I - a lamp of fire
 K - a lightning rod (4/4)
 T - 2 sacks of spiders


   Skills:
 - Level 10.0 Fighting
 - Level 10.0 Short Blades
 - Level 15.0 Dodging
 + Level 26.1 Stealth
 - Level 4.0 Shields
 - Level 7.1 Spellcasting
 + Level 0.1 Conjurations
 - Level 13.0 Hexes
 + Level 0.6 Air Magic
 - Level 12.0 Invocations


You had 2 spell levels left.
You knew the following spells:

 Your Spells              Type           Power        Failure   Level  Hunger
a - Corona                Hex            ######.      1%          1    None
b - Ensorcelled Hibernat  Hex/Ice        #####.       1%          2    None
c - Confuse               Hex            ######..     1%          3    None
d - Tukima's Dance        Hex            ######..     1%          3    None
e - Regeneration          Chrm/Necr      #.........   32%         3    None
f - Freezing Cloud        Conj/Ice/Air   #.........   100%        6    ######.
g - Discord               Hex            ######....   97%         8    #######
h - Passwall              Tmut/Erth      #.........   16%         2    None


Dungeon Overview and Level Annotations

Branches:
Dungeon (15/15)            Temple (1/1) D:7            Lair (6/6) D:11
 Shoals (1/4) Lair:4       Spider (4/4) Lair:3        Slime (0/5) Lair:5
    Orc (2/2) D:11            Elf (0/3) Orc:2        Vaults (0/5) D:13
 Depths (0/5) D:15

Altars:
Ashenzari
Cheibriados
Dithmenos
Elyvilon
Fedhas
Gozag
Hepliaklqana
Kikubaaqudgha
Makhleb
Nemelex Xobeh
Okawaru
Qazlal
Ru
Sif Muna
Trog
Uskayaw
Vehumet
Xom
Yredelemnul
Zin
The Shining One
Beogh

Shops:
D:6 (   D:13 =   Orc:2 :?([*

Portals:
Trove: D:14 (give 6 scrolls of blinking)


Innate Abilities, Weirdness & Mutations

You have razor-sharp teeth.
You have supernaturally acute eyesight. (SInv)
You can survive without breathing.
You are partially covered in molten scales. (AC +2)
You are clumsy. (Dex -2)
You are resistant to hostile enchantments. (MR+)


Message History

* * * LOW HITPOINT WARNING * * *
Tentacles burst out of the water! 4 tentacles come into view.
You feel better. The tentacle slaps you.
* * * LOW HITPOINT WARNING * * *
The tentacle slaps you.
* * * LOW HITPOINT WARNING * * *
The tentacle slaps you!
* * * LOW HITPOINT WARNING * * *
The tentacle closely misses you.
The tentacle slaps you but does no damage.
You block the tentacle's attack.
The tentacle slaps you but does no damage.
The tentacle completely misses you.
The tentacle slaps you but does no damage.
The tentacle misses you.
You enter the shallow water.
Moving in this stuff is going to be slow.
The tentacle misses you. The tentacle slaps you!
You die...

≈≈≈≈≈≈≈≈≈≈≈≈.#....)≈≈≈≈≈≈≈≈
≈≈≈≈≈P≈≈≈≈≈≈......≈≈≈≈≈≈≈≈≈
.≈≈≈≈≈≈P≈PP≈≈...≈≈≈≈≈≈≈≈≈≈≈
.≈≈≈≈≈≈≈≈PP≈≈≈≈≈≈≈≈≈≈≈≈≈≈≈≈
.≈≈≈≈≈≈≈≈P≈≈≈≈≈≈≈≈≈≈≈≈≈≈≈≈≈
.≈≈≈≈≈≈P≈≈≈≈≈≈≈≈≈≈≈≈X≈≈≈≈≈≈
.:≈≈≈≈≈P≈≈≈≈≈≈≈≈≈/*≈≈≈≈≈≈≈≈
...≈≈≈≈≈≈≈≈≈≈≈≈≈ww...≈≈≈≈≈≈
....P≈≈≈≈≈≈≈≈≈≈≈@###..≈≈≈≈≈
....P≈P≈≈P≈≈≈≈≈≈.# #.≈≈≈≈≈
...≈P≈P≈≈≈≈≈≈≈≈..# .≈≈≈≈≈
>..≈PP≈≈≈≈≈≈≈≈≈...# ≈≈≈≈≈≈
≈≈≈PPPPP≈≈≈≈≈≈≈≈≈... ≈≈≈≈≈
P≈PPP≈≈≈≈≈≈≈≈≈≈≈≈≈≈≈≈≈≈≈≈≈≈
≈≈≈≈P≈≈≈≈≈≈≈≈≈≈≈≈≈≈≈≈≈≈≈≈≈≈
≈≈≈P≈≈≈≈≈≈≈≈≈≈≈≈≈≈≈≈≈≈≈≈
≈≈≈≈≈≈≈≈≈≈≈≈≈≈≈≈≈≈≈≈≈≈≈≈


You could see a kraken and 2 tentacles.

Vanquished Creatures
  Arachne (Spider:2)
  A kraken (Shoals:1)
  Gastronok (Lair:3)
  A tengu reaver (D:14)
  Kirke (Shoals:1)
  Donald (Shoals:1)
  Frances (Spider:1)
  Roxanne (Shoals:1)
  4 ghost moths
  Louise (Spider:2)
  An orc warlord (Orc:2)
  8 emperor scorpions
  Nessos (D:13)
  5 entropy weavers
  2 spark wasps
  3 dire elephants (Lair:6)
  Josephine (D:15)
  An ettin (D:14)
  A merfolk impaler (Shoals:1)
  An ogre mage (D:15)
  A yaktaur captain (D:15)
  A vault guard (D:13)
  15 hydras
  A catoblepas (Lair:5)
  Erica (D:8)
  2 centaur warriors
  4 tengu warriors
  2 anacondas
  9 death yaks
  14 two-headed ogres
  An orc high priest (Orc:1)
  A deep elf knight (D:14)
  3 skeletal warriors
  An unseen horror (D:15)
  2 sea snakes (Shoals:1)
  A deep troll (D:15)
  A deep elf archer (D:15)
  5 orc knights
  An anaconda skeleton (Volcano)
  23 wolf spiders
  4 orc sorcerers
  A mana viper (Spider:2)
  8 ugly things
  6 slime creatures
  22 orb spiders
  2 deep elf magi (D:14)
  A faun (Shoals:1)
  5 cyclopes
  A manticore (Shoals:1)
  A centaur zombie (D:14)
  3 moths of wrath
  9 black mambas
  9 elephants
  2 water nymphs (Shoals:1)
  3 merfolk sirens
  A rust devil (D:12)
  12 spiny frogs
  5 torpor snails
  2 rime drakes (Lair:5)
  6 gargoyles
  An orange demon (D:12)
  A kobold demonologist (D:13)
  10 demonic crawlers
  4 komodo dragons
  A red devil (D:12)
  A meliai (shapeshifter) (D:15)
  2 wind drakes (Shoals:1)
  30 jumping spiders
  9 trolls
  2 hornets (Spider:4)
  A polar bear (Lair:5)
  4 merfolk (Shoals:1)
  A snapping turtle (Shoals:1)
  2 dream sheep (Shoals:1)
  4 blink frogs (Lair:5)
  8 hippogriffs
  2 flying skulls (Volcano)
  2 alligator skeletons (Volcano)
  Sigmund (D:4)
  A centaur simulacrum (D:14)
  61 redbacks
  21 yaks
  5 hogs (Shoals:1)
  24 tarantellas
  A steam dragon (D:14)
  3 wraiths (D:15)
  A wyvern (D:10)
  3 fire bats (Lair:1)
  4 basilisks
  A hungry ghost (D:9)
  7 vampire mosquitoes
  5 wargs (Orc:2)
  5 water moccasins
  10 porcupines
  32 orc warriors
  5 ice beasts
  4 sky beasts
  2 black bears
  An eye of draining (D:11)
  A necrophage (D:6)
  5 phantoms
  14 ogres
  8 centaurs
  9 crocodiles
  5 big kobolds
  12 bullfrogs
  A wyvern skeleton (D:9)
  2 wyvern zombies
  3 scorpions
  A water moccasin skeleton (D:7)
  18 killer bees
  11 wights
  4 howler monkeys (D:8)
  5 electric eels
  3 crimson imps
  6 hounds
  A bullfrog zombie (D:7)
  A quasit (D:11)
  11 orc priests
  8 jellies
  20 orc wizards
  2 bullfrog skeletons
  3 centaur skeletons
  8 iron imps (D:12)
  5 iguanas
  Ijyb (D:5)
  6 hell rats (Lair:6)
  12 worker ants
  A killer bee zombie (D:9)
  2 naga skeletons (Volcano)
  A hound skeleton (D:5)
  3 worker ant zombies
  16 adders
  3 shadow imps
  An ooze (D:2)
  An adder skeleton (D:7)
  4 worms
  4 dart slugs
  9 leopard geckos
  72 orcs
  3 giant cockroaches
  11 goblins
  6 hobgoblins
  18 jackals
  9 quokkas
  9 bats
  4 frilled lizards
  20 kobolds
  A leopard gecko skeleton (D:7)
  A quokka zombie (D:5)
  8 rats
  4 plants (Lair:6)
  3 tentacles (Shoals:1)
911 creatures vanquished.

Vanquished Creatures (collateral kills)
  Saint Roka (Orc:2)
  Rupert (Lair:5)
  A ghost moth (Spider:4)
  The ghost of Anon1729 the Destroyer, a journeyman DrCj of Sif Muna (D:15)
  3 dire elephants (Lair:6)
  A minotaur (Lab)
  2 hydras
  A death knight (D:15)
  2 ogre magi (D:15)
  2 death yaks
  An orc high priest (Orc:2)
  An orc knight (Orc:2)
  2 orb spiders
  A wolf spider (Spider:3)
  An ugly thing (IceCv)
  An orc sorcerer (Orc:2)
  3 elephants
  2 ice statues (IceCv)
  A kobold demonologist (D:15)
  2 demonic crawlers
  4 jumping spiders
  A hippogriff (Lair:1)
  7 redbacks (Spider:1)
  3 tarantellas
  A basilisk (Lair:6)
  2 wargs (Orc:2)
  2 water moccasins
  7 orc warriors (Orc:2)
  3 ice beasts (IceCv)
  An ogre (D:15)
  A bullfrog (Lair:3)
  An orc wizard (Orc:2)
  2 orc priests (Orc:2)
  4 orcs (Orc:2)
  4 kobolds (D:15)
73 creatures vanquished.

Vanquished Creatures (others)
  A demonic crawler (Spider:3)
  A jumping spider (Spider:3)
  2 dancing weapons (Orc:2)
  2 yaks (Lair:6)
  A bush (Lair:6)
  20 fungi
  9 plants (Lair:6)
  22 tentacles (Shoals:1)
58 creatures vanquished.

Grand Total: 1042 creatures vanquished

Notes
Turn   | Place    | Note
-------+----------+-------------------------------------------
     0 | D:1      | dohliylev the Vampire Enchanter began the quest for the Orb.
     0 | D:1      | Reached XP level 1. HP: 13/13 MP: 3/3
    96 | D:1      | Reached skill level 5 in Stealth
   163 | D:1      | Reached XP level 2. HP: 19/19 MP: 5/5
   167 | D:1      | Learned a level 2 spell: Ensorcelled Hibernation
   662 | D:1      | Reached skill level 6 in Stealth
   724 | D:2      | Reached XP level 3. HP: 12/24 MP: 2/6
   869 | D:1      | Reached skill level 7 in Stealth
  1183 | D:2      | Reached XP level 4. HP: 12/30 MP: 2/7
  1355 | D:2      | Reached skill level 8 in Stealth
  1593 | D:3      | Reached skill level 5 in Hexes
  1798 | D:3      | Reached XP level 5. HP: 25/35 MP: 2/8
  2396 | D:4      | Reached XP level 6. HP: 31/41 MP: 0/9
  2626 | D:4      | Noticed Sigmund
  2657 | D:4      | Killed Sigmund
  2657 | D:4      | Reached XP level 7. HP: 38/46 MP: 7/10
  2713 | D:4      | Gained mutation: You are partially covered in yellow scales. (AC +2) [potion of mutation]
  2713 | D:4      | Gained mutation: Your flesh is heat resistant. (rF+) [potion of mutation]
  2717 | D:5      | Entered Level 5 of the Dungeon
  2724 | D:5      | Lost mutation: You are partially covered in yellow scales. (AC +2) [potion of mutation]
  2724 | D:5      | Lost mutation: Your flesh is heat resistant. (rF+) [potion of mutation]
  2724 | D:5      | Gained mutation: You are partially covered in molten scales. (AC +2) [potion of mutation]
  2724 | D:5      | Gained mutation: You are resistant to hostile enchantments. (MR+) [potion of mutation]
  2897 | D:5      | Reached skill level 10 in Hexes
  3051 | D:4      | Learned a level 3 spell: Confuse
  3531 | D:5      | Reached skill level 1 in Fighting
  3532 | D:5      | Noticed Ijyb
  3541 | D:5      | Killed Ijyb
  4288 | D:5      | Reached skill level 5 in Short Blades
  4288 | D:5      | Reached XP level 8. HP: 52/56 MP: 8/11
  4529 | D:6      | Found a white marble altar of Elyvilon.
  5018 | D:6      | Found Noyxygg's Antique Weapon Emporium.
  5855 | D:7      | Reached XP level 9. HP: 65/65 MP: 8/12
  6043 | D:7      | Found a staircase to the Ecumenical Temple.
  6048 | Temple   | Entered the Ecumenical Temple
  6125 | Temple   | Became a worshipper of Makhleb the Destroyer
  6754 | D:8      | Reached skill level 5 in Fighting
  6767 | D:8      | Learned a level 3 spell: Tukima's Dance
  7089 | D:8      | Reached * piety under Makhleb
  7551 | D:8      | Noticed Erica
  7691 | D:9      | Reached skill level 9 in Stealth
  7985 | D:9      | Reached skill level 10 in Stealth
  8571 | D:9      | Reached skill level 11 in Stealth
  8785 | D:8      | Reached ** piety under Makhleb
  8785 | D:8      | Reached skill level 5 in Dodging
  8886 | D:8      | Killed Erica
  8886 | D:8      | Reached skill level 12 in Stealth
  8886 | D:8      | Reached XP level 10. HP: 75/75 MP: 5/13
  9004 | D:10     | Entered Level 10 of the Dungeon
  9239 | D:10     | Reached skill level 13 in Stealth
  9369 | D:10     | Noticed a two-headed ogre
  9375 | D:10     | Killed a two-headed ogre
  9382 | D:10     | Reached skill level 14 in Stealth
  9600 | D:10     | Noticed a gargoyle
  9605 | D:10     | Killed a gargoyle
  9720 | D:10     | Reached skill level 15 in Stealth
  9820 | D:10     | Noticed a two-headed ogre
  9824 | D:10     | Killed a two-headed ogre
 10077 | D:11     | Found a staircase to the Lair.
 10077 | D:11     | Noticed an elephant
 10079 | D:11     | Noticed a death yak
 10086 | D:11     | Killed an elephant
 10086 | D:11     | Reached XP level 11. HP: 80/80 MP: 14/14
 10405 | D:11     | Reached *** piety under Makhleb
 10775 | D:11     | Found a staircase to the Orcish Mines.
 10784 | D:11     | Noticed a seven-headed hydra
 11173 | D:10     | Reached skill level 10 in Dodging
 11692 | D:11     | Reached **** piety under Makhleb
 11928 | D:12     | Found an ancient bone altar of Kikubaaqudgha.
 12034 | D:12     | Reached skill level 1 in Invocations
 12567 | D:12     | Reached skill level 5 in Invocations
 12769 | D:12     | Reached ***** piety under Makhleb
 13169 | D:13     | Found a deep blue altar of Sif Muna.
 13180 | D:13     | Noticed a tengu warrior
 13180 | D:13     | Noticed a tengu warrior
 13184 | D:13     | Killed a tengu warrior
 13184 | D:13     | Reached XP level 12. HP: 86/86 MP: 15/15
 13188 | D:13     | Killed a tengu warrior
 13247 | D:13     | Found Peucvoos's Jewellery Boutique.
 13360 | D:13     | Bought the ring of Lepsoula {Dex+2 Slay+3 SInv Stlth+} for 637 gold pieces
 13407 | D:13     | Learned a level 3 spell: Regeneration
 13523 | D:13     | Noticed a centaur warrior
 13537 | D:13     | Killed a centaur warrior
 13537 | D:13     | Reached skill level 1 in Shields
 13820 | D:13     | Noticed a two-headed ogre
 13836 | D:13     | Killed a two-headed ogre
 13841 | D:13     | Noticed Nessos
 13848 | D:13     | Killed Nessos
 13887 | D:13     | Found a gate to the Vaults.
 13887 | D:13     | Noticed a vault guard
 13888 | D:13     | Killed a vault guard
 13973 | D:14     | Gained mutation: You are clumsy. (Dex -2) [a neqoxec]
 14187 | Lair:1   | Entered Level 1 of the Lair of Beasts
 14245 | Lair:1   | Found a dark tunnel.
 14298 | Volcano  | Entered a volcano
 15175 | Lair:1   | Noticed an eight-headed hydra
 15309 | Lair:1   | Killed an eight-headed hydra
 15399 | Lair:1   | Noticed a seven-headed hydra
 15407 | Lair:1   | Killed a seven-headed hydra
 15604 | Lair:1   | Reached XP level 13. HP: 92/92 MP: 17/17
 15715 | Lair:2   | Found a frozen archway.
 15759 | IceCv    | Entered an ice cave
 15760 | IceCv    | Found a transporter.
 16281 | Lair:2   | Reached skill level 15 in Dodging
 16543 | Lair:3   | Reached skill level 16 in Stealth
 16559 | Lair:3   | Reached skill level 10 in Short Blades
 16614 | Lair:3   | Found a hole to the Spider Nest.
 16646 | Lair:3   | Noticed Gastronok
 16656 | Lair:3   | Killed Gastronok
 16742 | Lair:3   | Reached skill level 17 in Stealth
 17405 | Lair:4   | Reached skill level 18 in Stealth
 17713 | Orc:1    | Entered Level 1 of the Orcish Mines
 17797 | Orc:2    | Entered Level 2 of the Orcish Mines
 17797 | Orc:2    | Found a staircase to the Elven Halls.
 17981 | Orc:2    | Found Bufar's Antique Armour Emporium.
 17988 | Orc:2    | Found Saerop's Antique Weapon Shoppe.
 18156 | Orc:2    | Bought a pair of steaming boots for 266 gold pieces
 18173 | Orc:2    | Identified the +4 pair of boots "Xaust" {Str+2} (You bought it in a shop on level 2 of the Orcish Mines)
 18217 | Orc:2    | Noticed Saint Roka
 18290 | Orc:2    | Found Punekh's General Store.
 18352 | Orc:2    | Noticed an orc warlord
 18503 | Orc:2    | Reached skill level 5 in Spellcasting
 18625 | Orc:2    | Killed an orc warlord
 18701 | Orc:2    | Reached XP level 14. HP: 98/98 MP: 10/21
 18798 | Orc:2    | Found Yguzyu's Magic Scroll Boutique.
 18812 | Orc:2    | Bought a scroll of identify for 28 gold pieces
 18812 | Orc:2    | Bought a scroll of identify for 28 gold pieces
 18812 | Orc:2    | Bought a scroll of enchant weapon for 105 gold pieces
 18946 | Orc:2    | Bought a scroll of identify for 28 gold pieces
 19010 | Orc:2    | Found Udaitonk's Book Shoppe.
 19055 | Orc:1    | Found a roughly hewn altar of Beogh.
 19444 | Orc:2    | Killed Saint Roka
 19972 | Lair:4   | Found a staircase to the Shoals.
 20248 | Lair:5   | Found a labyrinth entrance.
 20290 | Lab      | Entered a labyrinth
 21068 | Lab      | Identified the Collected Works on the Oath
 21109 | Lab      | Identified the Catalogue of Boosts
 21377 | Lair:6   | Entered Level 6 of the Lair of Beasts
 21786 | Lair:6   | Reached skill level 10 in Invocations
 22023 | Lair:6   | Found a snail-covered altar of Cheibriados.
 23531 | Lair:5   | Noticed Rupert
 23542 | Lair:5   | Found an opulent altar of Gozag.
 23721 | Lair:5   | Paralysed by Rupert for 5 turns
 23733 | Lair:5   | Paralysed by Rupert for 3 turns
 23738 | Lair:5   | Killed Rupert
 23738 | Lair:5   | Reached XP level 15. HP: 90/104 MP: 24/24
 24297 | Lair:5   | Found a staircase to the Slime Pits.
 25214 | D:14     | Noticed a tengu reaver
 25383 | D:14     | Killed a tengu reaver
 25560 | D:14     | Learned a level 6 spell: Freezing Cloud
 25711 | D:14     | Found a portal to a secret trove of treasure.
 26394 | D:15     | Entered Level 15 of the Dungeon
 26412 | D:15     | Found a staircase to the Depths.
 27420 | D:15     | Noticed Anon1729's ghost (journeyman DrCj)
 27440 | D:15     | Killed Anon1729's ghost
 27440 | D:15     | Reached skill level 10 in Fighting
 27697 | D:15     | Noticed Josephine
 27741 | D:15     | Killed Josephine
 28303 | Spider:1 | Entered Level 1 of the Spider Nest
 28340 | Spider:1 | Noticed Frances
 28343 | Spider:1 | Killed Frances
 28343 | Spider:1 | Reached XP level 16. HP: 122/122 MP: 26/26
 28960 | Spider:1 | Reached skill level 19 in Stealth
 30003 | Spider:2 | Identified the Grimoire of Execration
 30013 | Spider:2 | Noticed Louise
 30015 | Spider:2 | Killed Louise
 30044 | Spider:2 | Reached skill level 20 in Stealth
 30306 | Spider:2 | Noticed Arachne
 30313 | Spider:2 | Killed Arachne
 30915 | Spider:2 | Reached skill level 21 in Stealth
 31933 | Shoals:1 | Entered Level 1 of the Shoals
 32468 | Shoals:1 | Reached skill level 22 in Stealth
 32503 | Shoals:1 | Noticed Roxanne
 32551 | Shoals:1 | Noticed Donald
 32592 | Shoals:1 | Killed Donald
 32647 | Shoals:1 | Killed Roxanne
 32648 | Shoals:1 | Identified Roxanne's Catalogue of Earth (You took it off Roxanne on level 1 of the Shoals)
 32663 | Shoals:1 | Learned a level 8 spell: Discord
 32666 | Shoals:1 | Learned a level 2 spell: Passwall
 32708 | Shoals:1 | Noticed Kirke
 32756 | Shoals:1 | Killed Kirke
 33179 | Spider:3 | Reached skill level 23 in Stealth
 33363 | Spider:3 | Reached XP level 17. HP: 128/128 MP: 21/27
 33618 | Spider:4 | Entered Level 4 of the Spider Nest
 33910 | Spider:4 | Reached skill level 24 in Stealth
 35212 | Spider:4 | Reached skill level 25 in Stealth
 36009 | Spider:4 | Got a gossamer rune of Zot
 36614 | Shoals:1 | Noticed a kraken
 36801 | Shoals:1 | Reached skill level 26 in Stealth
 36848 | Shoals:1 | Found a radiant altar of Vehumet.
 36853 | Shoals:1 | Noticed a kraken
 36871 | Shoals:1 | Killed a kraken
 36973 | Shoals:1 | Noticed a kraken
 37014 | Shoals:1 | HP: 6/128 [tentacle[a kraken] (17)]
 37016 | Shoals:1 | Slain by a tentacle

Skill      XL: |  1  2  3  4  5  6  7  8  9 10 11 12 13 14 15 16 17 |
---------------+----------------------------------------------------+-----
Stealth        | 5 6 7 8 12 15 18 23 26 | 26.1
Hexes          | 5 7 9 10 12 13 | 13.0
Short Blades   | 5 8 9 10 | 10.0
Fighting       | 2 3 5 10 | 10.0
Dodging        | 5 8 12 14 15 | 15.0
Invocations    | 5 6 12 | 12.0
Shields        | 4 |  4.0
Spellcasting   | 5 7 |  7.1
Conjurations   | |  0.1
Air Magic      | |  0.6

Action                   |  1- 3 |  4- 6 |  7- 9 | 10-12 | 13-15 | 16-18 || total
-------------------------+-------+-------+-------+-------+-------+-------++-------
Melee: Dagger            |    25 |    39 |   298 |   361 |   960 |   858 ||  2541
       Bite              |    14 |     6 |    16 |    20 |    87 |    86 ||   229
       Short sword       |   118 |    75 |       |       |       |       ||   193
 Cast: Corona            |     5 |       |     4 |     1 |     1 |       ||    11
       Ensorcelled Hiber |    19 |    22 |   112 |   155 |   250 |   185 ||   743
       Confuse           |       |       |    24 |    71 |   169 |   103 ||   367
       Tukima's Dance    |       |       |       |       |    18 |       ||    18
       Regeneration      |       |       |       |       |       |     1 ||     1
Invok: Minor Destruction |       |       |       |    90 |    39 |    25 ||   154
       Lesser Servant of |       |       |       |     6 |    67 |    34 ||   107
       Major Destruction |       |       |       |       |       |     1 ||     1
       Greater Servant o |       |       |       |       |       |     2 ||     2
 Abil: End Transformatio |       |       |       |     2 |       |       ||     2
       Bat Form          |       |       |       |     2 |       |       ||     2
Evoke: Wand              |       |       |       |     1 |    28 |    16 ||    45
       Sack of spiders   |       |       |       |       |       |     4 ||     4
  Use: Scroll            |       |     5 |     5 |    10 |    23 |     7 ||    50
       Potion            |       |       |     9 |     1 |     9 |     9 ||    28
 Stab: Sleeping          |    16 |    20 |    88 |   106 |   153 |   119 ||   502
       Confused          |       |       |     9 |    25 |    46 |    48 ||   128
       Distracted        |       |       |     1 |       |     9 |    14 ||    24
       Held in net/web   |       |       |       |       |       |     1 ||     1
  Eat: Corpse            |    12 |     9 |    36 |    32 |    51 |     9 ||   149
Armor: Robe              |    84 |    35 |    22 |       |       |       ||   141
       Troll leather arm |       |       |    44 |    62 |   205 |   346 ||   657
Dodge: Dodged            |   152 |    71 |   142 |   283 |   617 |   822 ||  2087
Block: Buckler           |       |       |       |       |   139 |   247 ||   386
